HBL
PORTLAND STAG @ COLORADO SPRINGS SKY FOX
05/02/1997
 
TOP OF THE 1ST
Portland Stag batting - Pitching for Colorado Springs Sky Fox : LHP Kirt Ojala
Pitching: LHP Kirt Ojala
Batting: RHB Fernando Tatis 0-0: Ground out 6-3 (Groundball, 6, EV 84.4 MPH)
Batting: RHB Mike Mordecai 0-0: Foul Ball, location: 2F
0-1: Ball
1-1: Foul Ball, location: 2F
1-2: Foul Ball, location: 2F
1-2: Strikes out swinging
Batting: RHB Jeff Kunkel 0-0: Ball
1-0: Fly out, F7 (Flyball, 78M, EV 80.6 MPH)
Top of the 1st over - 0 runs, 0 hits, 0 errors, 0 left on base; Portland 0 - Colorado Springs 0
BOTTOM OF THE 1ST
Colorado Springs Sky Fox batting - Pitching for Portland Stag : RHP Omar Olivares
Pitching: RHP Omar Olivares
Batting: LHB Brent Brede 0-0: Ball
1-0: Ball
2-0: Ball
3-0: Base on Balls
Batting: RHB Andujar Cedeno 0-0: Called Strike
0-1: Ball
1-1: Ball
Wild Pitch!
Brent Brede to second
2-1: Foul Ball, location: 2F
2-2: Ball
3-2: Ground out 6-3 (Groundball, 6, EV 101.3 MPH)
Batting: LHB David Dellucci 0-0: Ground out 4-3 (Groundball, 4, EV 91.3 MPH)
Brent Brede to third
Batting: RHB Bruce Aven 0-0: Ball
1-0: Called Strike
1-1: Foul Ball, location: 2F
1-2: Ground out 6-3 (Groundball, 6, EV 80.0 MPH)
Bottom of the 1st over - 0 runs, 0 hits, 0 errors, 1 left on base; Portland 0 - Colorado Springs 0
TOP OF THE 2ND
Portland Stag batting - Pitching for Colorado Springs Sky Fox : LHP Kirt Ojala
Batting: RHB Wes Chamberlain 0-0: Called Strike
0-1: Ball
1-1: Ball
2-1: Ball
3-1: Called Strike
3-2: Foul Ball, location: 2F
3-2: Foul Ball, location: 2F
3-2: Base on Balls
Batting: RHB Chris Widger 0-0: Ball
1-0: Ball
2-0: Foul Ball, location: 2F
2-1: Fly out, F9 (Flyball, 9D, EV 103.1 MPH)
Batting: LHB Mark P Johnson 0-0: Foul Ball, location: 2F
0-1: Ball
1-1: Foul Ball, location: 2F
1-2: SINGLE (Groundball, 6, EV 88.8 MPH) (infield hit)
Wes Chamberlain to second
Batting: RHB Alex S Gonzalez 0-0: Ball
1-0: Called Strike
1-1: Ball
2-1: Fly out, F4 (Line Drive, 4, EV 76.3 MPH)
Batting: RHB Josh Booty 0-0: Ball
1-0: Ball
2-0: Ball
3-0: Base on Balls
Wes Chamberlain to third
Mark P Johnson to second
Batting: LHB Yoshinobu Takahashi 0-0: Ball
1-0: Ball
2-0: Swinging Strike
2-1: Ball
3-1: Foul Ball, location: 2F
3-2: Fly out, F9 (Line Drive, 9, EV 89.4 MPH)
Top of the 2nd over - 0 runs, 1 hit, 0 errors, 3 left on base; Portland 0 - Colorado Springs 0
BOTTOM OF THE 2ND
Colorado Springs Sky Fox batting - Pitching for Portland Stag : RHP Omar Olivares
Batting: RHB Steve Pegues 0-0: Ground out 6-3 (Groundball, 6MS, EV 86.9 MPH)
Batting: RHB David Doster 0-0: Bunted foul
0-1: Ball
1-1: Ball
2-1: Ground out 4-3 (Groundball, 4, EV 106.9 MPH)
Batting: RHB Ray Montgomery 0-0: Called Strike
0-1: Swinging Strike
0-2: Ground out 4-3 (Groundball, 4, EV 106.9 MPH)
Bottom of the 2nd over - 0 runs, 0 hits, 0 errors, 0 left on base; Portland 0 - Colorado Springs 0
TOP OF THE 3RD
Portland Stag batting - Pitching for Colorado Springs Sky Fox : LHP Kirt Ojala
Batting: RHB Fernando Tatis 0-0: Called Strike
0-1: Foul Ball, location: 2F
0-2: Ball
1-2: Ball
2-2: DOUBLE (Line Drive, 78D, EV 109.4 MPH)
Batting: RHB Mike Mordecai 0-0: Ball
1-0: Ball
2-0: Ball
3-0: Base on Balls
Batting: RHB Jeff Kunkel 0-0: Ball
1-0: Called Strike
1-1: Swinging Strike
1-2: Ball
2-2: Foul Ball, location: 2F
2-2: Reached on error, E3 (Groundball, 3S, EV 71.3 MPH)
Fernando Tatis scores
Mike Mordecai to third
Batting: RHB Wes Chamberlain 0-0: Called Strike
0-1: DOUBLE (Line Drive, 7LD, EV 100.0 MPH)
Mike Mordecai scores
Jeff Kunkel scores
Batting: RHB Chris Widger 0-0: Ball
1-0: DOUBLE (Line Drive, 3D, EV 96.3 MPH)
Wes Chamberlain scores
Batting: LHB Mark P Johnson 0-0: Called Strike
0-1: Ball
1-1: Ball
2-1: SINGLE (Line Drive, 78S, EV 108.8 MPH)
Chris Widger to third
Batting: RHB Alex S Gonzalez 0-0: Ground out 3-1 (Groundball, 3, EV 103.8 MPH)
Chris Widger scores
Mark P Johnson to second
Batting: RHB Josh Booty 0-0: Ball
1-0: Called Strike
1-1: Ball
2-1: Foul Ball, location: 2F
2-2: Ball
3-2: Fly out, F8 (Flyball, 78M, EV 91.3 MPH)
Batting: LHB Yoshinobu Takahashi 0-0: Ball
1-0: Ground out 1-3 (Groundball, 13S, EV 71.9 MPH)
Top of the 3rd over - 5 runs, 4 hits, 1 error, 1 left on base; Portland 5 - Colorado Springs 0
BOTTOM OF THE 3RD
Colorado Springs Sky Fox batting - Pitching for Portland Stag : RHP Omar Olivares
Batting: RHB Hiroki Kokubo 0-0: Reached on error, E2 (Groundball, 2L, EV 66.9 MPH)
Batting: RHB Naoki Matoba 0-0: Ball
1-0: Ball
2-0: Swinging Strike
2-1: Foul Ball, location: 2F
2-2: Strikes out swinging
Batting: LHB Brent Brede 0-0: Ball
1-0: Ball
2-0: Fielders Choice at 2nd, 1-6 (Groundball, 34S, EV 90.0 MPH)
Batting: RHB Andujar Cedeno 0-0: Ball
1-0: Called Strike
1-1: SINGLE (Groundball, 56D, EV 108.1 MPH)
Brent Brede to second
Batting: LHB David Dellucci 0-0: Ball
1-0: Foul Ball, location: 2F
1-1: Fly out, F8 (Flyball, 8LM, EV 96.9 MPH)
Bottom of the 3rd over - 0 runs, 1 hit, 1 error, 2 left on base; Portland 5 - Colorado Springs 0
TOP OF THE 4TH
Portland Stag batting - Pitching for Colorado Springs Sky Fox : LHP Kirt Ojala
Batting: RHB Fernando Tatis 0-0: Called Strike
0-1: Ball
1-1: Ground out U3 (Groundball, 34, EV 83.8 MPH)
Pitching: LHP Heath Murray
Batting: RHB Mike Mordecai 0-0: Called Strike
0-1: Called Strike
0-2: SOLO HOME RUN (Line Drive, 7LD, EV 105.6 MPH), Distance : 345 ft
Batting: RHB Jeff Kunkel 0-0: Ball
1-0: Called Strike
1-1: Ball
2-1: Ball
3-1: Swinging Strike
3-2: Fly out, F4 (Popup, 34S, EV 86.9 MPH)
Batting: RHB Wes Chamberlain 0-0: Called Strike
0-1: Ball
1-1: Ball
2-1: Ball
3-1: Base on Balls
Batting: RHB Chris Widger 0-0: Called Strike
0-1: Called Strike
0-2: Ball
1-2: Strikes out swinging
Top of the 4th over - 1 run, 1 hit, 0 errors, 1 left on base; Portland 6 - Colorado Springs 0
BOTTOM OF THE 4TH
Colorado Springs Sky Fox batting - Pitching for Portland Stag : RHP Omar Olivares
Batting: RHB Bruce Aven 0-0: Called Strike
0-1: Ball
1-1: Ground out 4-3 (Groundball, 4, EV 95.0 MPH)
Batting: RHB Steve Pegues 0-0: SINGLE (Line Drive, 89M, EV 90.0 MPH)
Batting: RHB David Doster 0-0: Ball
1-0: Ball
Passed Ball!
Steve Pegues to second
2-0: Ball
3-0: Base on Balls
Batting: RHB Ray Montgomery 0-0: Ball
1-0: DOUBLE (Line Drive, 78XD, EV 105.0 MPH)
Steve Pegues scores
David Doster to third
Batting: RHB Hiroki Kokubo 0-0: Ball
1-0: Called Strike
1-1: Foul Ball, location: 2F
1-2: Ball
2-2: Strikes out looking
Batting: RHB Naoki Matoba 0-0: Ground out 4-3 (Groundball, 34, EV 96.9 MPH)
Bottom of the 4th over - 1 run, 2 hits, 0 errors, 2 left on base; Portland 6 - Colorado Springs 1
TOP OF THE 5TH
Portland Stag batting - Pitching for Colorado Springs Sky Fox : LHP Heath Murray
Batting: LHB Mark P Johnson 0-0: Ball
1-0: Swinging Strike
1-1: Foul Ball, location: 2F
1-2: Ball
2-2: Foul Ball, location: 2F
2-2: Ball
3-2: Fly out, F9 (Line Drive, 9, EV 91.9 MPH)
Batting: RHB Alex S Gonzalez 0-0: Called Strike
0-1: Foul Ball, location: 2F
0-2: Ball
1-2: Ball
2-2: Foul Ball, location: 2F
2-2: Foul Ball, location: 2F
2-2: Ground out U3 (Groundball, 3, EV 105.0 MPH)
Batting: RHB Josh Booty 0-0: Ball
1-0: Ball
2-0: Foul Ball, location: 2F
2-1: Foul Ball, location: 2F
2-2: Foul Ball, location: 2F
2-2: Ball
3-2: Base on Balls
Batting: LHB Yoshinobu Takahashi 0-0: Ball
1-0: Fly out, F8 (Flyball, 8RM, EV 82.5 MPH)
Top of the 5th over - 0 runs, 0 hits, 0 errors, 1 left on base; Portland 6 - Colorado Springs 1
BOTTOM OF THE 5TH
Colorado Springs Sky Fox batting - Pitching for Portland Stag : RHP Omar Olivares
Batting: LHB Brent Brede 0-0: Called Strike
0-1: Ball
1-1: Ball
2-1: Fly out, F8 (Line Drive, 8LM, EV 93.1 MPH)
Batting: RHB Andujar Cedeno 0-0: Ball
1-0: Ground out 4-3 (Groundball, 4, EV 84.4 MPH)
Batting: LHB David Dellucci 0-0: Foul Ball, location: 2F
0-1: Ball
1-1: Ball
2-1: Foul Ball, location: 2F
2-2: Strikes out swinging
Bottom of the 5th over - 0 runs, 0 hits, 0 errors, 0 left on base; Portland 6 - Colorado Springs 1
TOP OF THE 6TH
Portland Stag batting - Pitching for Colorado Springs Sky Fox : LHP Heath Murray
Batting: RHB Fernando Tatis 0-0: Ball
1-0: Ball
2-0: Fly out, F7 (Flyball, 7S, EV 88.8 MPH)
Batting: RHB Mike Mordecai 0-0: Ball
1-0: Ball
2-0: Ball
3-0: Called Strike
3-1: Foul Ball, location: 2F
3-2: SOLO HOME RUN (Flyball, 7LD, EV 94.4 MPH), Distance : 344 ft
Pitching: LHP Jeff Tabaka
Batting: RHB Jeff Kunkel 0-0: Ball
1-0: Ball
2-0: Foul Ball, location: 2F
2-1: Foul Ball, location: 2F
2-2: DOUBLE (Flyball, 78D, EV 98.1 MPH)
Batting: RHB Wes Chamberlain 0-0: Ball
1-0: Called Strike
1-1: Swinging Strike
1-2: Ball
2-2: Foul Ball, location: 2F
2-2: Ball
3-2: SINGLE (Groundball, 4MD, EV 101.3 MPH)
Jeff Kunkel to third
Batting: RHB Chris Widger 0-0: Ball
1-0: Ball
2-0: Called Strike
2-1: Foul Ball, location: 2F
2-2: Fly out, F9 (Flyball, 9S, EV 86.9 MPH)
Batting: LHB Mark P Johnson 0-0: Called Strike
0-1: Ball
1-1: Ball
2-1: Swinging Strike
2-2: Strikes out swinging
Top of the 6th over - 1 run, 3 hits, 0 errors, 2 left on base; Portland 7 - Colorado Springs 1
BOTTOM OF THE 6TH
Colorado Springs Sky Fox batting - Pitching for Portland Stag : RHP Omar Olivares
Batting: RHB Bruce Aven 0-0: Called Strike
0-1: Ball
1-1: Fly out, F9 (Flyball, 9, EV 83.1 MPH)
Batting: RHB Steve Pegues 0-0: Ball
1-0: Fly out, F4 (Line Drive, 4, EV 69.4 MPH)
Batting: RHB David Doster 0-0: Ball
1-0: Called Strike
1-1: Called Strike
1-2: Strikes out swinging
Bottom of the 6th over - 0 runs, 0 hits, 0 errors, 0 left on base; Portland 7 - Colorado Springs 1
TOP OF THE 7TH
Portland Stag batting - Pitching for Colorado Springs Sky Fox : LHP Jeff Tabaka
Batting: RHB Alex S Gonzalez 0-0: Ball
1-0: Ball
2-0: Ball
3-0: Called Strike
3-1: Base on Balls
Batting: RHB Josh Booty 0-0: Ball
1-0: Ball
2-0: Called Strike
2-1: Grounds into double play, 6-4-3 (Groundball, 6, EV 88.8 MPH)
Batting: LHB Yoshinobu Takahashi 0-0: Called Strike
0-1: Ground out 4-3 (Groundball, 4, EV 91.3 MPH)
Top of the 7th over - 0 runs, 0 hits, 0 errors, 0 left on base; Portland 7 - Colorado Springs 1
BOTTOM OF THE 7TH
Colorado Springs Sky Fox batting - Pitching for Portland Stag : RHP Omar Olivares
Batting: RHB Ray Montgomery 0-0: Swinging Strike
0-1: Called Strike
0-2: Ball
1-2: Strikes out looking
Batting: RHB Hiroki Kokubo 0-0: Fly out, F8 (Flyball, 8LS, EV 92.5 MPH)
Batting: RHB Naoki Matoba 0-0: Ball
1-0: Called Strike
1-1: Foul Ball, location: 2F
1-2: Ball
2-2: Ball
3-2: Base on Balls
Batting: LHB Brent Brede 0-0: Swinging Strike
0-1: Foul Ball, location: 2F
0-2: Strikes out swinging
Bottom of the 7th over - 0 runs, 0 hits, 0 errors, 1 left on base; Portland 7 - Colorado Springs 1
TOP OF THE 8TH
Portland Stag batting - Pitching for Colorado Springs Sky Fox : LHP Jeff Tabaka
Pitching: RHP Darren Hall
Batting: RHB Fernando Tatis 0-0: Foul Ball, location: 2F
0-1: Foul Ball, location: 2F
0-2: Strikes out looking
Batting: RHB Mike Mordecai 0-0: Called Strike
0-1: Ball
1-1: Ball
2-1: Ball
3-1: Base on Balls
Batting: RHB Jeff Kunkel 0-0: Ball
1-0: Ball
2-0: Called Strike
2-1: Fly out, F9 (Flyball, 9D, EV 85.0 MPH)
Batting: RHB Wes Chamberlain 0-0: Foul Ball, location: 2F
0-1: Swinging Strike
0-2: Ball
1-2: Ball
2-2: Reached on error, E6 (Groundball, 6, EV 78.8 MPH)
Mike Mordecai to second
Batting: RHB Chris Widger 0-0: Ball
1-0: Called Strike
1-1: 3-RUN HOME RUN (Flyball, 7D, EV 105.6 MPH), Distance : 369 ft
Batting: LHB Mark P Johnson 0-0: Ball
1-0: Ball
2-0: Fly out, F7 (Flyball, 78M, EV 95.0 MPH)
Top of the 8th over - 3 runs, 1 hit, 1 error, 0 left on base; Portland 10 - Colorado Springs 1
BOTTOM OF THE 8TH
Colorado Springs Sky Fox batting - Pitching for Portland Stag : RHP Omar Olivares
Pitching: LHP Billy Brewer
Batting: RHB Andujar Cedeno 0-0: Ball
1-0: Swinging Strike
1-1: Fly out, F8 (Flyball, 8RM, EV 92.5 MPH)
Batting: LHB David Dellucci 0-0: Called Strike
0-1: SINGLE (Line Drive, 9S, EV 88.1 MPH)
Batting: RHB Bruce Aven 0-0: Fly out, F8 (Flyball, 8RD, EV 99.4 MPH)
Batting: RHB Steve Pegues 0-0: Foul Ball, location: 2F
0-1: Swinging Strike
0-2: Fielders Choice at 2nd, 6-4 (Groundball, 6, EV 79.4 MPH)
Bottom of the 8th over - 0 runs, 1 hit, 0 errors, 1 left on base; Portland 10 - Colorado Springs 1
TOP OF THE 9TH
Portland Stag batting - Pitching for Colorado Springs Sky Fox : RHP Darren Hall
Batting: RHB Alex S Gonzalez 0-0: Called Strike
0-1: Foul Ball, location: 2F
0-2: Ball
1-2: Ball
2-2: Strikes out swinging
Pitching: RHP Mike Butcher
Batting: RHB Josh Booty 0-0: Called Strike
0-1: Foul Ball, location: 2F
0-2: Foul Ball, location: 2F
0-2: Ball
1-2: Fly out, F9 (Flyball, 9LSF, EV 87.5 MPH)
Batting: LHB Yoshinobu Takahashi 0-0: Ball
1-0: Ground out 2-3 (Groundball, 2R, EV 71.9 MPH)
Top of the 9th over - 0 runs, 0 hits, 0 errors, 0 left on base; Portland 10 - Colorado Springs 1
BOTTOM OF THE 9TH
Colorado Springs Sky Fox batting - Pitching for Portland Stag : LHP Billy Brewer
Batting: RHB David Doster 0-0: Ball
1-0: Called Strike
1-1: Fly out, F3 (Popup, 3SF, EV 81.9 MPH)
Batting: RHB Ray Montgomery 0-0: Ball
1-0: Called Strike
1-1: Ball
2-1: Foul Ball, location: 2F
2-2: Ball
3-2: Base on Balls
Batting: RHB Hiroki Kokubo 0-0: Ball
1-0: Swinging Strike
1-1: Ball
2-1: Grounds into double play, 4-6-3 (Groundball, 4, EV 108.8 MPH)
Bottom of the 9th over - 0 runs, 0 hits, 0 errors, 0 left on base; Portland 10 - Colorado Springs 1
Wednesday, February 4th, 2026 - OOTP Baseball 20.8 Build 74